 Dungeon Crawl Stone Soup version 0.17-a0-1760-ga6756ae (webtiles) character file.

132 KambridgeKobold the Bolt Thrower (level 4, -14/39 HPs)
             Began as a Deep Dwarf Hunter on Sept 3, 2015.
             Demolished by an ogre
             ... wielding a +0 giant club
              (18 damage)
             ... on level 4 of the Dungeon.
             The game lasted 00:10:24 (2309 turns).

KambridgeKobold the Bolt Thrower (DDHu)             Turns: 2309, Time: 00:10:24

Health: -14/39     AC:  6    Str: 16    XL:     4   Next: 92%
Magic:  6/6        EV: 10    Int: 11    God:
Gold:   216        SH:  0    Dex: 14    Spells: 0 memorised, 3 levels left

rFire  . . .     SeeInvis .     a - +1 hand crossbow
rCold  . . .     Clarity  .     E - +0 scale mail (curse)
rNeg   + . .     SustAt   .     (no shield)
rPois  .         Gourm    .     (no helmet)
rElec  .         Spirit   .     (no cloak)
rCorr  .         Warding  .     (no gloves)
rMut   .         Stasis   .     (no boots)
MR     .....                    (no amulet)
Stlth  +.........               (no ring)
                                u - ring of positive energy

@: non-regenerating, not resistant to hostile enchantments, very unstealthy
A: damage resistance, recharge devices, sense surroundings 1, slow healing 3
a: Device Recharging


You were on level 4 of the Dungeon.
You were not hungry.

You visited 1 branch of the dungeon, and saw 4 of its levels.

You collected 216 gold pieces.

Inventory:

Hand weapons
 a - a +1 hand crossbow (weapon)
 b - a +0 short sword
Missiles
 c - 5 bolts (quivered)
Armour
 d - a +0 leather armour
 E - a cursed +0 scale mail (worn)
Jewellery
 u - a ring of positive energy (left hand)
 y - a +4 ring of evasion {unknown}
Magical devices
 e - a wand of heal wounds (4)
 A - a wand of magic darts (32)
 B - a wand of flame (18)
Scrolls
 i - 3 scrolls of identify {unknown}
 k - a scroll of teleportation
 n - 2 scrolls of fog {unknown}
 v - a scroll of enchant weapon {unknown}
 w - a scroll of enchant armour {unknown}
 x - a scroll of random uselessness {unknown}
 F - a scroll of magic mapping {unknown}
Potions
 g - a potion of haste {unknown}
 h - a potion of resistance {unknown}
 l - 2 potions of heal wounds {unknown}
 o - a potion of curing
 p - 2 potions of beneficial mutation {unknown}
 r - a potion of berserk rage {unknown}
 s - a potion of might {unknown}
 t - a potion of poison {unknown}
 z - a potion of lignification {unknown}
Comestibles
 f - 2 bread rations
 j - 8 fruits
 m - 2 meat rations
 q - a slice of pizza
 C - a beef jerky
 D - 3 chunks of flesh


   Skills:
 - Level 2.2 Fighting
 - Level 5.0 Crossbows
 + Level 1.5 Armour
 - Level 2.1 Dodging
 + Level 3.4 Stealth
 + Level 3.0 Evocations


You had 3 spell levels left.
You didn't know any spells.

Dungeon Overview and Level Annotations

Branches:
Dungeon (4/15)
 Temple: D:4-7

Altars:

Annotations:
D:3 KambridgeKobold's ghost, average MfVM


Innate Abilities, Weirdness & Mutations

You are resistant to damage.
You can recharge devices by infusing magical energy.
You passively map a small area around you.
You do not heal naturally.


Message History

Press: ? - help, Shift-Dir - straight line, f/p - ogre
Aim: an ogre, wielding a giant club (moderately wounded)
You shoot a bolt. The bolt barely misses the ogre.
Firing (i - inventory):
c - 6 bolts (quivered)
Press: ? - help, Shift-Dir - straight line, f/p - ogre
Aim: an ogre, wielding a giant club (moderately wounded)
You shoot a bolt. The bolt barely misses the ogre.
There is an open door here.
Evoke which item? (* to show all) (? for menu, Esc to quit)
Zapping:
B - a wand of flame {zapped: 3} (will waste charges)
Press: ? - help, Shift-Dir - straight line, f/p - ogre
Aim: an ogre, wielding a giant club (moderately wounded)
The puff of flame hits the ogre.
The ogre is heavily wounded.
Evoking this partially-identified wand wasted a few charges.
The ogre hits you with a giant club!
* * * LOW HITPOINT WARNING * * *
Some of the chunks of flesh in your inventory have rotted away.
The ogre hits you with a giant club!!
You die...

.......<..#. ,, * , ,
..###..####.#** , *,,
..####+####.####+######+* .......
..#.....#................# ......
..#.....+................#, .....
..#.....#................#, ,....
..'.....#................+ ...
..#.....#................#, ,, ..
..###'####..####@.###....##+####.
..###..####'####.O###....##....#.
....#...#.....#................'.
....#...'.....#................#.
....#...#.....+................#.
....+..)#.....#................#.
...##...##.##.##..###....###'###.
...##...##.##.##..###....###...##
...........'....................#


You could see an ogre.

Vanquished Creatures
  An iguana (D:4)
  7 adders
  A worm (D:2)
  2 giant geckos
  4 bats
  5 goblins
  4 hobgoblins
  7 jackals
  4 kobolds (D:1)
  A quokka (D:3)
  2 giant cockroaches (D:4)
  3 giant newts
  4 rats
45 creatures vanquished.

Notes
Turn   | Place    | Note
--------------------------------------------------------------
     0 | D:1      | KambridgeKobold the Deep Dwarf Hunter began the quest for the Orb.
     0 | D:1      | Reached XP level 1. HP: 19/19 MP: 1/1
   192 | D:1      | Reached XP level 2. HP: 26/26 MP: 2/2
   410 | D:1      | Reached skill level 1 in Evocations
   830 | D:2      | Reached XP level 3. HP: 17/32 MP: 3/3
  1096 | D:2      | Reached skill level 5 in Crossbows
  1595 | D:2      | Reached XP level 4. HP: 18/39 MP: 5/5
  1759 | D:3      | Noticed KambridgeKobold's ghost (average MfVM)
  2043 | D:4      | Reached skill level 1 in Armour
  2287 | D:4      | Noticed an ogre
  2309 | D:4      | Demolished by an ogre

Vault maps used:
D:1:      wheals_arrival_shading, minmay_distorted
D:2:      first_bread

Action                   |  1- 3 |  4- 6 || total
-------------------------+-------+-------++-------
Melee: Short sword       |    19 |       ||    19
       Dagger            |    44 |       ||    44
 Fire: Hand crossbow     |    50 |    33 ||    83
Evoke: Wand              |       |     3 ||     3
  Use: Scroll            |     3 |       ||     3
  Eat: Chunk             |     2 |     2 ||     4
